 Dungeon Crawl Stone Soup version 0.26.1-11-gd32895ea62 (webtiles) character file.

Game seed: 13740119538119631168

172 nomophobia the Chopper (level 5, -1/45 HPs)
             Began as a Minotaur Gladiator on May 18, 2021.
             Slain by a black bear (5 damage)
             ... on level 7 of the Dungeon on May 19, 2021.
             The game lasted 00:23:18 (2708 turns).

nomophobia the Chopper (Minotaur Gladiator)         Turns: 2708, Time: 00:23:19

Health: -1/45      AC:  5    Str: 20    XL:     5   Next: 27%
Magic:  4/4        EV: 12    Int:  5    God:
Gold:   184        SH:  0    Dex: 11    Spells: 4/4 levels left

rFire    . . .     SeeInvis .   a - +1 war axe
rCold    . . .     Faith    .   (no shield)
rNeg     . . .     Spirit   .   s - +0 ring mail
rPois    .         Reflect  .   c - +0 hat
rElec    .         Harm     .   (no cloak)
rCorr    .         Rampage  .   (no gloves)
Will     .....                  (no boots)
Stlth    +.........             (no amulet)
HPRegen  0.15/turn              (no ring)
MPRegen  0.09/turn              (no ring)

@: no status effects
A: retaliatory headbutt, horns 2
a: no special abilities


You were on level 7 of the Dungeon.
You visited 1 branch of the dungeon, and saw 5 of its levels.

You collected 184 gold pieces.

Inventory:

Hand Weapons
 a - a +1 war axe (weapon)
Missiles
 d - 3 throwing nets (quivered)
Armour
 c - a +0 hat (worn)
 s - a +0 ring mail (worn)
Jewellery
 m - an uncursed ring of fire
Wands
 q - a wand of iceblast (4)
Scrolls
 h - a scroll of fog
 o - a scroll of remove curse
Potions
 b - a potion of cancellation {unknown}
 f - a potion of ambrosia {unknown}
 g - 2 potions of berserk rage {unknown}
 i - 4 potions of curing {unknown}
 j - a potion of invisibility {unknown}
 k - 2 potions of might {unknown}
 n - 2 potions of flight {unknown}
 p - 2 potions of haste {unknown}
 u - 2 potions of degeneration {unknown}


   Skills:
 + Level 3.3 Fighting
 * Level 5.1 Axes
 - Level 2.1 Throwing
 * Level 3.1 Armour
 + Level 4.1 Dodging


You had 4 spell levels left.
You didn't know any spells.
Your spell library was empty.

Dungeon Overview and Level Annotations

Branches:
Dungeon (4/15)
 Temple: D:4-7

Altars:
Trog
Vehumet
Xom
Yredelemnul
The Shining One

Annotations:
D:1 1 runed translucent door


Innate Abilities, Weirdness & Mutations

You reflexively headbutt those who attack you in melee.
You have a pair of horns on your head.


Message History

The black bear closely misses you.
The black bear claws you but does no damage.
You are too injured to fight recklessly!
Cleave: a) +1 war axe
Press: ? - help, Dir - move target, f - black bear
Aim: a black bear (almost dead, berserk)
Your target is gone.
Okay, then.
Your ring mail prevents you from hitting the black bear.
The black bear is almost dead.
The black bear closely misses you. The black bear barely misses you.
The black bear misses you. The black bear bites you.
* * * LOW HITPOINT WARNING * * *
The black bear claws you but does no damage.
The black bear barely misses you.
You completely miss the black bear.
You headbutt the black bear, but do no damage.
The black bear is almost dead.
The black bear bites you.
You die...

# #.######.#
#..h@....#
.........#..#
##.............
#######.#..####
#.#..# .......
.....### ..##<#


You could see a black bear (berserk).

Vanquished Creatures
  2 orc wizards (D:4)
  4 gnolls (D:3)
  2 adders
  A white imp (D:4)
  An ooze (D:2)
  3 worms
  2 leopard geckos
  2 orcs (D:4)
  4 bats
  2 giant cockroaches (D:1)
  3 goblins
  2 hobgoblins (D:3)
  3 jackals (D:2)
  A quokka (D:2)
  3 frilled lizards
  2 kobolds
  8 rats
  A spectral orc (D:3)
46 creatures vanquished.

Notes
Turn   | Place    | Note
-------+----------+-------------------------------------------
     0 | D:1      | nomophobia the Minotaur Gladiator began the quest for the
                  | Orb.
     0 | D:1      | Reached XP level 1. HP: 18/18 MP: 0/0
     0 | D:1      | Noticed a jelly
     1 | D:1      | Found a runed translucent door.
   286 | D:1      | Reached XP level 2. HP: 22/25 MP: 1/1
   758 | D:2      | Reached skill level 4 in Axes
   872 | D:2      | Reached skill level 1 in Armour
   950 | D:2      | Reached XP level 3. HP: 18/30 MP: 2/2
  1458 | D:2      | Found a shimmering altar of Xom.
  1566 | D:2      | Found a bloodstained altar of Trog.
  1902 | D:3      | Found a basalt altar of Yredelemnul.
  1974 | D:3      | Found a radiant altar of Vehumet.
  2015 | D:3      | Reached XP level 4. HP: 37/37 MP: 3/3
  2275 | D:3      | Found a faded altar of an unknown god.
  2604 | D:4      | Reached XP level 5. HP: 37/45 MP: 4/4
  2607 | D:4      | Reached skill level 5 in Axes
  2661 | D:4      | Found a glowing golden altar of the Shining One.
  2696 | D:4      | You fall into a shaft and drop 3 floors!
  2696 | D:7      | Noticed a black bear
  2708 | D:7      | Slain by a black bear

Illustrated notes

Levels and vault maps discovered:
D:1:      dpeg_arrival_caged_fury, layout_basic, kennysheep_nondescript
D:2:      layout_basic, marbit_many_paths, grunt_ministairs_5,
          skrybe_limestone_x, xom_teletrap_fun
D:3:      layout_rooms, yredelemnul_forgotten_temple_becter,
          nicolae_overflow_crystal_walls,
          chequers_ecumenical_altar_simple_redux, grunt_decor_mini_mirrors,
          guppyfry_early_lair_pool
D:4:      layout_loops_corners, general_overflow_altar, lemuel_blue_sif_altar,
          gammafunk_ghost_abyssal_escape, kennysheep_doodads, uniq_pikel
D:7:      layout_loops_ring, nemelex_xobeh_ov_fountains_minmay,
          lemuel_tele_altar

Skill      XL: |  1  2  3  4  5 |
---------------+----------------+-----
Axes           | 4 5 |  5.1
Armour         | 1 2 3 |  3.1
Fighting       | 3 |  3.3
Dodging        | 4 |  4.1
Throwing       | |  2.1

Action                   |  1- 3 |  4- 6 || total
-------------------------+-------+-------++-------
Melee: War axe           |    79 |    34 ||   113
       Headbutt          |    13 |     6 ||    19
  Use: Scroll            |     4 |     5 ||     9
Armor: Leather armour    |    17 |       ||    17
       Ring mail         |    11 |    19 ||    30
Dodge: Dodged            |    64 |    30 ||    94
